 Dungeon Crawl Stone Soup version 0.28-a0-1404-g4df0f3684d (webtiles) character file.

Game seed: 4117251063585766693

91 vineage the Skirmisher (level 4, -14/32 HPs)
             Began as a Gargoyle Fighter on Jan 5, 2022.
             Killed from afar by Ijyb (29 damage)
             ... with a bolt of acid
             ... on level 3 of the Dungeon.
             The game lasted 00:02:20 (3071 turns).

vineage the Skirmisher (Gargoyle Fighter)           Turns: 3071, Time: 00:02:21

Health: -14/32     AC: 16    Str: 19    XL:     4   Next: 59%
Magic:  4/4        EV:  9    Int:  9    God:
Gold:   110        SH:  4    Dex: 11    Spells: 3/3 levels left

rFire   . . .      SeeInvis +   a - +0 flail
rCold   . . .      Faith    .   c - +0 buckler
rNeg    + . .      Spirit   .   b - +0 scale mail
rPois   ∞          Reflect  .   h - +2 helmet {SInv}
rElec   +          Harm     .   (no cloak)
rCorr   .          Rampage  .   (no gloves)
Will    .....                   i - +2 pair of boots
Stlth   ..........              (no amulet)
HPRegen 0.10/turn               (no ring)
MPRegen 0.09/turn               (no ring)

@: mighty
A: sickness immunity, AC +3, negative energy resistance 1, electricity
resistance, torment resistance 1, petrification resistance
a: no special abilities


You were on level 3 of the Dungeon.
You visited 1 branch of the dungeon, and saw 3 of its levels.

You collected 110 gold pieces.

Inventory:

Hand Weapons
 a - a +0 flail (weapon)
Armour
 b - a +0 scale mail (worn)
 c - a +0 buckler (worn)
 h - a +2 helmet of see invisible (worn)
 i - a +2 pair of boots (worn)
Jewellery
 n - an amulet of magic regeneration
Scrolls
 j - 2 scrolls of immolation {unknown}
 l - a scroll of fear {unknown}
 o - a scroll of teleportation {unknown}
Potions
 d - a potion of might
 e - a potion of curing {unknown}
 f - a potion of heal wounds {unknown}
 g - a potion of ambrosia
 k - a potion of invisibility {unknown}
 m - a potion of haste {unknown}


   Skills:
 + Level 5.7 Fighting
 - Level 2.0 Maces & Flails
 - Level 3.2 Armour
 - Level 3.2 Shields


You had 3 spell levels left.
You didn't know any spells.
Your spell library contained the following spells:

 Spells                   Type           Power      Damage    Failure   Level
 Freeze                   Ice            0%         1d3       85%         1
 Frozen Ramparts          Ice            0%         1d2       99%         3
 Hailstorm                Conj/Ice       0%         3d3       100%        4


Dungeon Overview and Level Annotations

Branches:
Dungeon (3/15)

Altars:

Annotations:
D:3 Ijyb


Innate Abilities, Weirdness & Mutations

You are immune to sickness and miasma.
Your stone body is resilient. (AC +3)
You are immune to poison.
You resist negative energy. (rN+)
You are resistant to electric shocks. (rElec)
You are resistant to unholy torment.
You are immune to petrification.


Message History

You are too injured to fight recklessly!
You are too injured to fight recklessly!
You are too injured to fight recklessly!
You are too injured to fight recklessly!
You are too injured to fight recklessly!
You are too injured to fight recklessly!
You are too injured to fight recklessly!
You are too injured to fight recklessly!
You are too injured to fight recklessly!
You are too injured to fight recklessly!
You are too injured to fight recklessly!
You feel very mighty all of a sudden.
Ijyb zaps a wand.
The bolt of acid hits you!
* * * LOW HITPOINT WARNING * * *
Sorry, you're not good enough to have a special ability.
Okay, then.
Okay, then.
It was a potion of ambrosia.
You are confused.
You feel invigorated.
You feel less invigorated.
You feel less confused. You block Ijyb's attack.
You closely miss Ijyb. Ijyb hits you with a +0 dagger.
You sock Ijyb!
Ijyb is moderately wounded.
Ijyb hits you but does no damage.
The goblin shoots a stone.
The stone barely misses you.
A goblin comes into view. It is wielding a +0 dagger.
The goblin shouts!
You hit Ijyb.
Ijyb is moderately wounded.
Ijyb hits you with a +0 dagger.
The goblin shoots a stone.
The stone closely misses you. You block Ijyb's attack.
You sock Ijyb!
Ijyb is severely wounded.
The goblin shoots a stone.
The stone closely misses you.
Ijyb zaps a wand.
The bolt of acid hits you!!
Ouch! That really hurt!
You die...

#........))..####
####..######....###
####..# ###≈≈...≈≈###
......# #≈≈≈≈...≈≈≈≈#
.....≈≈≈≈≈≈##'''##≈≈≈#
####≈≈≈≈≈≈≈#..†..# ≈≈#
≈≈≈.....#.....# #
≈≈..... #.....#
#≈≈..##' #....@#
#...g.# #..)..#
#.....# #....g#
......g. ..........
#########..


You could see Ijyb and 2 goblins.

Vanquished Creatures
  2 adders
  2 worms (D:2)
  5 orcs (D:3)
  3 ball pythons
  2 bats (D:2)
  7 endoplasms
  6 giant cockroaches
  7 goblins
  3 hobgoblins
  3 jackals (D:3)
  2 quokkas (D:1)
  3 frilled lizards
  5 kobolds
  6 rats
56 creatures vanquished.

Vanquished Creatures (others)
  A goblin (D:3)
  7 plants (D:1)
8 creatures vanquished.

Grand Total: 64 creatures vanquished

Notes
Turn   | Place    | Note
-------+----------+-------------------------------------------
     0 | D:1      | vineage the Gargoyle Fighter began the quest for the Orb.
     0 | D:1      | Reached XP level 1. HP: 14/14 MP: 1/1
   512 | D:1      | Reached XP level 2. HP: 20/20 MP: 2/2
   527 | D:1      | Reached skill level 4 in Fighting
   527 | D:1      | Found a faded altar of an unknown god.
  1645 | D:2      | Reached XP level 3. HP: 22/24 MP: 3/3
  2030 | D:2      | Reached skill level 5 in Fighting
  2438 | D:3      | Reached XP level 4. HP: 31/31 MP: 4/4
  3061 | D:3      | Noticed Ijyb
  3071 | D:3      | Killed from afar by Ijyb

Illustrated notes

Levels and vault maps discovered:
D:1:      wander_arrival_peaceful_grave, layout_basic,
          ebering_ecumenical_altar_rust, chequers_big_river, st_stairs_13
D:2:      layout_loops_ring
D:3:      kennysheep_goblin_castle, layout_loops_ring

Skill      XL: |  1  2  3 |
---------------+----------+-----
Fighting       | 4 5 |  5.7
Maces & Flails | |  2.0
Armour         | |  3.2
Shields        | |  3.2

Action                   |  1- 3 |  4- 6 || total
-------------------------+-------+-------++-------
Melee: Flail             |   140 |    80 ||   220
  Use: Scroll            |     3 |       ||     3
       Potion            |       |     2 ||     2
Armor: Scale mail        |    54 |    49 ||   103
Dodge: Dodged            |    55 |    50 ||   105
Block: Buckler           |    21 |    18 ||    39

Table legend: (Time is in decaauts)
 A = Elapsed time spent in this place.
 B = Non-inter-level travel time spent in this place.
 C = Inter-level travel time spent in this place.
 D = Time resting spent in this place.
 E = Time spent auto-exploring this place.
 F = Levels seen in this place.
 G = Mean time per level.
                   A        B        C        D        E       F      G
               +--------+--------+--------+--------+--------+-----+--------+
         Total |   3160 |   3047 |    113 |    256 |   2252 |   3 | 1053.3 |
       Dungeon |   3160 |   3047 |    113 |    256 |   2252 |   3 | 1053.3 |
               +--------+--------+--------+--------+--------+-----+--------+

Top non-repeatable levels by time:
     D:1: 1652 daAuts
     D:2: 784 daAuts
     D:3: 722 daAuts
